 Dungeon Crawl Stone Soup version 0.29.1-1-gd02db6906a (webtiles) character file.

Game seed: 14125699286763226618

8 GreyHunter the Ruffian (level 2, 0/24 HPs)
             Began as a Ghoul Gladiator on Sept 21, 2022.
             Slain by a gnoll
             ... wielding a +0 flail of protection
              (3 damage)
             ... on level 1 of the Dungeon.
             The game lasted 00:00:49 (399 turns).

GreyHunter the Ruffian (Ghoul Gladiator)             Turns: 399, Time: 00:00:49

Health: 0/24       AC:  4    Str: 17    XL:     2   Next: 8%
Magic:  1/1        EV: 12    Int:  3    God:
Gold:   66         SH:  0    Dex: 10    Spells: 1/1 levels left

rFire   . . .      SeeInvis .     - Unarmed
rCold   + . .      Faith    .   (no shield)
rNeg    + + +      Spirit   .   a - +0 leather armour
rPois   ∞          Reflect  .   b - +0 helmet
rElec   .          Harm     .   (no cloak)
rCorr   .          Rampage  .   (no gloves)
Will    .....                   (no boots)
Stlth   +.........              e - amulet of the acrobat
HPRegen 0.00/turn               (no ring)
MPRegen 0.07/turn               (no ring)

@: inhibited regen
A: claws 1, cold resistance 1, negative energy resistance 3, inhibited
regeneration, torment resistance 2, devour on kill
a: no special abilities


You were on level 1 of the Dungeon.
You visited 1 branch of the dungeon, and saw 1 of its levels.

You collected 66 gold pieces.

Inventory:

Missiles
 c - 3 throwing nets (quivered)
 d - a javelin
Armour
 a - a +0 leather armour (worn)
 b - a +0 helmet (worn)
Jewellery
 e - an amulet of the acrobat (around neck)
Potions
 f - 2 potions of haste {unknown}
 g - a potion of might {unknown}


   Skills:
 - Level 2.1 Fighting
 - Level 1.7 Throwing
 - Level 2.6 Dodging
 + Level 3.9 Unarmed Combat


You had one spell level left.
You didn't know any spells.
Your spell library was empty.

Dungeon Overview and Level Annotations

Branches:
Dungeon (1/15)

Altars:


Innate Abilities, Weirdness & Mutations

You are immune to poison.
You have sharp fingernails.
Your flesh is cold resistant. (rC+)
You are immune to negative energy. (rN+++)
You do not regenerate when monsters are visible.
You are immune to unholy pain and torment.
You thrive by killing the living.


Message History

The gnoll is wielding a +0 flail of protection.
The hobgoblin shouts!
The ball python hisses angrily.
The gnoll shouts!
The frilled lizard hisses angrily.
The gnoll closely misses you. The hobgoblin completely misses you.
There is an open door here.
You scratch the gnoll but do no damage. The gnoll barely misses you.
You closely miss the gnoll.
The gnoll hits you with a +0 flail of protection.
You scratch the gnoll but do no damage. The gnoll closely misses you.
You scratch the gnoll.
The gnoll is moderately wounded.
The gnoll closely misses you.
You scratch the gnoll but do no damage.
The gnoll is moderately wounded.
The gnoll hits you with a +0 flail of protection.
You barely miss the gnoll.
The gnoll is moderately wounded.
The gnoll hits you with a +0 flail of protection!
You scratch the gnoll but do no damage.
The gnoll is moderately wounded.
The gnoll barely misses you.
You scratch the gnoll.
The gnoll is severely wounded.
The gnoll closely misses you.
You barely miss the gnoll.
The gnoll is heavily wounded.
You scratch the gnoll but do no damage.
The gnoll is heavily wounded.
The gnoll hits you with a +0 flail of protection!
* * * LOW HITPOINT WARNING * * *
You scratch the gnoll.
The gnoll is severely wounded.
The gnoll closely misses you.
You barely miss the gnoll.
The gnoll is severely wounded.
The gnoll closely misses you.
You completely miss the gnoll.
The gnoll is severely wounded.
The gnoll hits you with a +0 flail of protection.
You die...

##. #.. .###### #.#
....... ### #.. .......
..# ##. #..... #.#.# ##
.#.....####.#.# #
......lgg.#.#.# #
.#....S##@#.#.##########
# ######
#.#†#.#........# #
######.#.#.#........# #
#...........#........#
#.######....'........#
#...##........#
#...##........#
#...##........#
#...###'#######


You could see a gnoll, a hobgoblin and a frilled lizard.

Vanquished Creatures
  A ball python (D:1)
  An endoplasm (D:1)
  A goblin (D:1)
  A hobgoblin (D:1)
  A kobold (D:1)
  2 frilled lizards (D:1)
7 creatures vanquished.

Notes
Turn   | Place    | Note
-------+----------+-------------------------------------------
     0 | D:1      | GreyHunter the Ghoul Gladiator began the quest for the Orb.
     0 | D:1      | Reached XP level 1. HP: 17/17 MP: 0/0
   351 | D:1      | Reached XP level 2. HP: 24/24 MP: 1/1
   399 | D:1      | Slain by a gnoll

Illustrated notes

Levels and vault maps discovered:
D:1:      dpeg_arrival_erosion, layout_basic

Action                   || total
-------------------------++-------
Melee: Unarmed           ||    32
Armor: Leather armour    ||     2
Dodge: Dodged            ||    17
